 Dungeon Crawl Stone Soup version 0.30-a0-672-gc3a7216ad8 (webtiles) character file.

Game seed: 1786138109030720756

91 bmack86 the Shield-Bearer (level 4, -8/40 HPs)
             Began as a Minotaur Fighter on Jan 18, 2023.
             Killed by divine providence
             ... invoked by an orc priest
             ... summoned by a goblin
              (10 damage)
             ... on level 3 of the Dungeon.
             The game lasted 00:06:36 (1954 turns).

bmack86 the Shield-Bearer (Minotaur Fighter)        Turns: 1954, Time: 00:06:36

Health: -8/40      AC:  7    Str: 22    XL:     4   Next: 33%
Magic:  3/3        EV:  9    Int:  5    God:
Gold:   162        SH:  4    Dex: 10    Spells: 3/3 levels left

rFire   . . .      SeeInvis .    a - +1 war axe
rCold   . . .      Faith    .    c - +0 buckler
rNeg    . . .      Spirit   .    b - +0 scale mail
rPois   .          Reflect  .    (helmet restricted)
rElec   .          Harm     .    (no cloak)
rCorr   .          Rampage  .    (no gloves)
Will    .....                    (no boots) Stlth
                                 (no amulet)
HPRegen 0.26/turn                (no ring)
MPRegen 0.08/turn                (no ring)

@: no status effects
A: horns 2, retaliatory headbutt
a: no special abilities


You were on level 3 of the Dungeon.
You visited 1 branch of the dungeon, and saw 3 of its levels.

You collected 162 gold pieces.

Inventory:

Hand Weapons
 a - a +1 war axe (weapon)
Missiles
 i - 7 poisoned darts (quivered)
Armour
 b - a +0 scale mail (worn)
 c - a +0 buckler (worn)
Scrolls
 e - 3 scrolls of vulnerability
 h - a scroll of enchant armour {unknown}
Potions
 d - a potion of might
 f - a potion of haste
 j - a potion of brilliance {unknown}


   Skills:
 + Level 4.2 Fighting
 * Level 3.9 Axes
 + Level 0.5 Throwing
 + Level 4.2 Armour
 + Level 4.3 Shields


You had 3 spell levels left.
You didn't know any spells.
Your spell library was empty.

Dungeon Overview and Level Annotations

Branches:
Dungeon (3/15)

Altars:


Innate Abilities, Weirdness & Mutations

You have a pair of horns on your head.
You reflexively headbutt those who attack you in melee.


Message History

You completely miss the orc. You slash the orc!
You kill the orc!
The orc's corpse dissolves into shadows!
You hit the giant cockroach. The orc hits you with a +0 mace.
You block the giant cockroach's attack.
You slash the orc!
You kill the orc!
The orc's corpse dissolves into shadows!
You slash the giant cockroach!
You kill the giant cockroach!
The giant cockroach's corpse dissolves into shadows!
The bat barely misses you. You furiously retaliate!
You headbutt the bat, but do no damage.
The orc priest calls down the wrath of Beogh upon you.
You barely resist. You hit the goblin. Your headbutt misses the goblin.
The goblin is heavily wounded.
The bat hits you but does no damage. The goblin hits you with a +0 dagger.
You closely miss the orc priest. You closely miss the goblin.
The goblin hits you but does no damage.
The orc priest hits you but does no damage.
The goblin hits you but does no damage.
You slash the orc priest!
The orc priest is severely wounded.
You miss the goblin. The orc priest hits you with a +0 whip.
* * * LOW HITPOINT WARNING * * *
The goblin hits you but does no damage. The orc priest barely misses you.
You closely miss the orc priest.
The orc priest is severely wounded.
You closely miss the goblin.
The bat dissolves into shadows!
The goblin hits you but does no damage.
The orc priest invokes the aid of Beogh against you.
Pain shoots through your body!
* * * LOW HITPOINT WARNING * * *
You barely miss the orc priest.
The orc priest is severely wounded.
You barely miss the goblin. The goblin hits you but does no damage.
The orc priest mumbles some strange prayers to Beogh against you.
Beogh smites you!
You die...

#.#...## #..
#...## ###
##..###
#.<#..
#..#.#
#..#.###
#......#
#..#.#.#####
#..g@.......
##.#o#.#####
#.....#
##.#.###
####..†.#
#.......#
#.##.g.##
........
#.........


You could see an orc priest (summoned) and a goblin.

Vanquished Creatures
  3 adders (D:2)
  2 worms (D:2)
  A dart slug (D:1)
  6 ball pythons
  8 endoplasms (D:1)
  4 giant cockroaches
  5 goblins
  4 hobgoblins
  3 jackals (D:1)
  5 bats
  A frilled lizard (D:1)
  5 kobolds
  4 rats
51 creatures vanquished.

Notes
Turn   | Place    | Note
-------+----------+-------------------------------------------
     0 | D:1      | bmack86 the Minotaur Fighter began the quest for the Orb.
     0 | D:1      | Reached XP level 1. HP: 19/19 MP: 0/0
    70 | D:1      | Reached XP level 2. HP: 20/27 MP: 1/1
   452 | D:1      | Reached XP level 3. HP: 19/33 MP: 2/2
  1168 | D:2      | Reached XP level 4. HP: 40/40 MP: 3/3
  1953 | D:3      | HP: 2/40 [orc priest/nerve-wracking pain[a goblin] (11)]
  1954 | D:3      | Killed from afar by an orc priest

Illustrated notes

Levels and vault maps discovered:
D:1:      amcnicky_arrival_abandoned_market, layout_basic, st_stairs_5,
          grunt_decor_fettered, minmay_split_cup_large
D:2:      layout_loops_corners, grunt_decor_junction
D:3:      layout_loops_ring

Skill      XL: |  1  2  3 |
---------------+----------+-----
Axes           | 3 |  3.9
Shields        | 4 |  4.3
Armour         | 4 |  4.2
Fighting       | 4 |  4.2
Throwing       | |  0.5

Action                   |  1- 3 |  4- 6 || total
-------------------------+-------+-------++-------
Melee: War axe           |    61 |    28 ||    89
       Headbutt          |     8 |     7 ||    15
  Use: Scroll            |     3 |     2 ||     5
Armor: Scale mail        |    47 |    22 ||    69
Dodge: Dodged            |    43 |    17 ||    60
Block: Buckler           |    18 |     9 ||    27

Table legend: (Time is in decaauts)
 A = Elapsed time spent in this place.
 B = Non-inter-level travel time spent in this place.
 C = Inter-level travel time spent in this place.
 D = Time resting spent in this place.
 E = Time spent auto-exploring this place.
 F = Levels seen in this place.
 G = Mean time per level.
                   A        B        C        D        E       F      G
               +--------+--------+--------+--------+--------+-----+--------+
         Total |   1986 |   1951 |     35 |      0 |   1442 |   3 |  662.0 |
       Dungeon |   1986 |   1951 |     35 |      0 |   1442 |   3 |  662.0 |
               +--------+--------+--------+--------+--------+-----+--------+

Top non-repeatable levels by time:
     D:1: 1035 daAuts
     D:2: 882 daAuts
     D:3: 68 daAuts
